 Dungeon Crawl Stone Soup version 0.20-a0-309-gcba9277 (webtiles) character file.

158 Leibowitz the Cutter (level 4, -4/36 HPs)
             Began as a Demigod Gladiator on Dec 19, 2016.
             Killed by divine providence
             ... invoked by an orc priest
              (12 damage)
             ... on level 3 of the Dungeon.
             The game lasted 00:04:26 (2264 turns).

Leibowitz the Cutter (Demigod Gladiator)            Turns: 2264, Time: 00:04:27

Health: -4/36      AC:  5    Str: 18      XL:     4   Next: 94%
Magic:  6/6        EV: 13    Int:  9 (12) God:
Gold:   157        SH:  0    Dex: 16 (18) Spells: 3/3 levels left

rFire  . . .     SeeInvis .     a - +0 rapier
rCold  . . .     Gourm    +     b - +0 leather armour
rNeg   . . .     Faith    .     (no shield)
rPois  .         Spirit   .     c - +0 helmet
rElec  .         Reflect  .     j - +0 cloak
rCorr  .         Harm     .     (no gloves)
MR     .....                    (no boots)
Stlth  ++........               l - amulet of the gourmand
                                (no ring)
                                (no ring)

@: no status effects
A: high mp 1
a: no special abilities


You were on level 3 of the Dungeon.
You were not hungry.

You visited 1 branch of the dungeon, and saw 3 of its levels.

You collected 157 gold pieces.

Inventory:

Hand Weapons
 a - a +0 rapier (weapon)
Missiles
 d - 3 throwing nets (quivered)
 g - 6 poisoned needles
Armour
 b - a +0 leather armour (worn)
 c - a +0 helmet (worn)
 j - a +0 cloak (worn)
Jewellery
 l - an amulet of the gourmand (around neck)
Scrolls
 e - 3 scrolls of remove curse {unknown}
 h - 3 scrolls of identify {unknown}
 i - 3 scrolls of teleportation {unknown}
 k - a scroll of blinking {unknown}
 m - a scroll of fear {unknown}
 n - a scroll of random uselessness {unknown}
Comestibles
 f - 3 bread rations


   Skills:
 + Level 2.1 Fighting
 + Level 3.7 Short Blades
 + Level 1.7 Throwing
 + Level 1.0 Armour
 + Level 3.3 Dodging
 * Level 2.4 Stealth


You had 3 spell levels left.
You didn't know any spells.

Dungeon Overview and Level Annotations

Branches:
Dungeon (3/15)


Innate Abilities, Weirdness & Mutations

You have an increased reservoir of magic. (+10% MP)


Message History

You hit the orc priest but do no damage.
The orc priest is severely wounded.
The orc priest hits you.
* * * LOW HITPOINT WARNING * * *
You hit the orc priest but do no damage.
The orc priest is severely wounded.
The orc priest hits you.
* * * LOW HITPOINT WARNING * * *
You aren't carrying any potions.
You completely miss the orc priest.
The orc priest is severely wounded.
The orc priest hits you but does no damage.
You hit the orc priest but do no damage.
The orc priest is severely wounded.
The orc priest misses you.
You barely miss the orc priest.
The orc priest is severely wounded.
The orc priest mumbles some strange prayers to Beogh against you.
Beogh smites you!
You die...

#.. #.# o .. #.# #' .. #.#
... #.# #.# .... ####.#
##.# .o... ##.##.# ####.#.
......####...#.#####...###
......Koo@............## #
......####....(.####.#.###
....) ##....#.# #.#).#.
.... ##....## #.#.#.# ...
##..## #.#.### #' #.##
#...... # #.# ###.### #.
#.# #.# ##.# #.# #.###


You could see an orc priest, an orc and a kobold.

Vanquished Creatures
  An orc priest (D:3)
  4 adders
  3 oozes
  3 worms
  4 dart slugs
  2 leopard geckos (D:3)
  7 orcs (D:3)
  2 bats (D:3)
  2 giant cockroaches
  6 goblins
  4 hobgoblins
  8 kobolds
  2 quokkas
  3 frilled lizards (D:2)
  7 rats
58 creatures vanquished.

Notes
Turn   | Place    | Note
-------+----------+-------------------------------------------
     0 | D:1      | Leibowitz the Demigod Gladiator began the quest for the Orb.
     0 | D:1      | Reached XP level 1. HP: 17/17 MP: 3/3
   180 | D:1      | Reached XP level 2. HP: 24/24 MP: 4/4
   202 | D:1      | Reached skill level 1 in Stealth
   721 | D:2      | Reached XP level 3. HP: 29/29 MP: 5/5
   982 | D:2      | Found a faded altar of an unknown god.
  1749 | D:3      | Reached XP level 4. HP: 36/36 MP: 6/6
  1766 | D:3      | Reached skill level 1 in Armour
  2264 | D:3      | Killed from afar by an orc priest

Vault maps used:
D:1:      dpeg_arrival_more_subterranean_lakeside_camping
D:2:      chequers_ecumenical_altar_simple_redux
D:3:      first_bread

Skill      XL: |  1  2  3  4 |
---------------+-------------+-----
Dodging        | 3 |  3.3
Stealth        | 1 2 |  2.4
Short Blades   | 3 |  3.7
Fighting       | 2 |  2.1
Armour         | 1 |  1.0
Throwing       | |  1.7

Action                   |  1- 3 |  4- 6 || total
-------------------------+-------+-------++-------
Melee: Rapier            |   108 |    83 ||   191
  Use: Potion            |     2 |     2 ||     4
 Stab: Sleeping          |     1 |     4 ||     5
       Invisible         |       |     2 ||     2
  Eat: Chunk             |     3 |     5 ||     8
Armor: Leather armour    |    20 |    16 ||    36
Dodge: Dodged            |    57 |    49 ||   106
